 Dungeon Sprint DCSS version 0.30-a0-123-g91d0c66ccf (webtiles) character file.

Game seed: 8075293445228763323

183 Ofeo the Ruffian (level 5, 0/54 HPs)
             Began as a Troll Warper on Sept 17, 2022.
             Slain by a jelly (2 damage)
             ... in the Dungeon (Sprint IX: "|||||||||||||||||||||||||||||").
             The game lasted 00:00:15 (54 turns).

Ofeo the Ruffian (Troll Warper)                       Turns: 54, Time: 00:00:16

Health: 0/54       AC:  0    Str: 19    XL:     5   Next: 35%
Magic:  6/8        EV: 10    Int: 11    God:
Gold:   0          SH:  0    Dex:  9    Spells: 10/10 levels left

rFire   . . .      SeeInvis .      - Unarmed
rCold   . . .      Faith    .    (no shield)
rNeg    . . .      Spirit   .    a - +0 robe
rPois   .          Reflect  .    (helmet restricted)
rElec   .          Harm     .    (no cloak)
rCorr   .          Rampage  .    (gloves unavailable)
Will    .....      NoTele   +    (boots unavailable)
Stlth   +.........               (no amulet)
HPRegen 0.98/turn                (no ring)
MPRegen 0.11/turn                (no ring)

@: lethally poisoned (0 -> -3), corroded
A: large, unfitting armour, claws 3, regeneration 1, shaggy fur 1, tough skin 1
a: no special abilities


You were in the Dungeon.
You visited 1 branch

Inventory:

Missiles
 c - 7 boomerangs of dispersal (quivered)
Armour
 a - a +0 robe (worn)
Scrolls
 b - 2 scrolls of blinking {@r4}
Potions
 e - a potion of berserk rage
 f - a potion of haste {@q3}
 g - 2 potions of magic
 h - a potion of heal wounds {@q2}
 q - a potion of curing {@q1}


   Skills:
 + Level 4.0 Fighting
 + Level 4.0 Throwing
 + Level 4.2 Dodging
 + Level 4.9 Unarmed Combat
 + Level 3.0 Spellcasting
 + Level 4.0 Translocations


You had 10 spell levels left.
You didn't know any spells.
Your spell library contained the following spells:

 Spells                   Type           Power      Damage    Failure   Level
 Blink                    Tloc           20%        N/A       8%          2
 Gell's Gravitas          Tloc           10%        N/A       14%         3
 Lesser Beckoning         Tloc           10%        N/A       14%         3
 Teleport Other           Tloc           10%        N/A       14%         3
 Manifold Assault         Tloc           10%        N/A       43%         4


Dungeon Overview and Level Annotations

Branches:
Dungeon (1/1)

Altars:


Innate Abilities, Weirdness & Mutations

You are too large for most types of armour.
You have claws for hands.
Your natural rate of healing is unusually fast.
You are covered in fur. (AC +1)
You have tough skin. (AC +1)


Message History

The scorpion poisons you!
You take 1 damage, and have 26/45 hp.
You scratch the scorpion but do no damage.
The scorpion is heavily wounded.
You feel sick. The scorpion stings you. The scorpion closely misses you.
You take 4 damage, and have 22/45 hp.
You scratch the scorpion.
The scorpion is almost dead.
You feel sick. The scorpion stings you.
You take 2 damage, and have 20/45 hp.
You closely miss the scorpion.
The scorpion is severely wounded.
You feel sick. The scorpion stings you.
You are more poisoned.
The scorpion poisons you!
You take 3 damage, and have 17/45 hp.
You claw the scorpion!
You kill the scorpion!
You feel very sick.
Your Fighting skill increases to level 4!
Your Throwing skill increases to level 4!
Your Dodging skill increases to level 4!
Your Spellcasting skill increases to level 3!
Your Translocations skill increases to level 4!
You have reached level 5!
Unknown command.
You scratch the jelly.
Your claws burn!
* * * LOW HITPOINT WARNING * * *
The jelly is moderately wounded.
You feel sick. The jelly hits you.
* * * LOW HITPOINT WARNING * * *
You are splashed with acid!
* * * LOW HITPOINT WARNING * * *
You take 10 damage, and have 7/54 hp.
You scratch the jelly. The acid corrodes you!
Your claws burn!
* * * LOW HITPOINT WARNING * * *
The jelly is heavily wounded.
* * * LOW HITPOINT WARNING * * *
You feel sick. The jelly hits you.
You die... ▓▓▓▓▓▓▓▓▓▓▓▓▓▓▓▓▓▓ ▓<...)†...@J.....+ ▓▓▓▓▓▓▓▓▓▓▓▓▓▓▓▓▓▓

You could see a jelly.

Vanquished Creatures
  An ogre (D)
  A scorpion (D)
  A hound (D)
  2 dart slugs (D)
  A giant cockroach (D)
  A goblin (D)
  A quokka (D)
  A rat (D)
9 creatures vanquished.

Notes
Turn   | Place    | Note
-------+----------+-------------------------------------------
     0 | D        | Ofeo the Troll Warper began the quest for the Orb.
     0 | D        | Reached XP level 1. HP: 19/19 MP: 1/1
     5 | D        | Reached skill level 1 in Throwing
    29 | D        | Noticed a hound
    29 | D        | Noticed an ogre
    29 | D        | Noticed a scorpion
    29 | D        | Noticed a jelly
    37 | D        | Killed a hound
    38 | D        | Reached XP level 2. HP: 29/29 MP: 4/4
    38 | D        | Reached XP level 3. HP: 36/36 MP: 5/5
    44 | D        | Killed an ogre
    45 | D        | Reached XP level 4. HP: 26/45 MP: 6/6
    52 | D        | Killed a scorpion
    53 | D        | Reached XP level 5. HP: 17/54 MP: 6/8
    54 | D        | HP: 2/54 [poisoned by a scorpion]
    54 | D        | Slain by a jelly

Illustrated notes

Levels and vault maps discovered:
D:        linesprint [early_d, line_temple, items_1, d_10, items_2, lair_1,
          lair_end, items_3, orc_1, orc_end, items_4, d_15, swamp_1, shoals_1,
          snake_1, spider_1, d_20, vaults_1, items_5, swamp_end, shoals_end,
          snake_end, spider_end, vaults_end, d_27, items_6, zot_1, zot_end,
          crypt_end, forest_end, elf_end, slime_end, tomb_end, abyss_end,
          pan_hell_end]

Skill      XL: |  1  2  3  4 |
---------------+-------------+-----
Throwing       | 2 3 4 |  4.0
Dodging        | 2 3 4 |  4.2
Fighting       | 2 3 4 |  4.0
Unarmed Combat | 3 4 |  4.9
Spellcasting   | 2 3 |  3.0
Translocations | 3 4 |  4.0

Action                   |  1- 3 |  4- 6 || total
-------------------------+-------+-------++-------
Melee: Unarmed           |    25 |    10 ||    35
       Punch             |     1 |       ||     1
Armor: Robe              |     5 |     1 ||     6
Dodge: Dodged            |     9 |     2 ||    11

Table legend: (Time is in decaauts)
 A = Elapsed time spent in this place.
 B = Non-inter-level travel time spent in this place.
 C = Inter-level travel time spent in this place.
 D = Time resting spent in this place.
 E = Time spent auto-exploring this place.
 F = Levels seen in this place.
 G = Mean time per level.
                   A        B        C        D        E       F      G
               +--------+--------+--------+--------+--------+-----+--------+
         Total |     52 |     52 |      0 |      9 |      0 |   1 |   52.0 |
       Dungeon |     52 |     52 |      0 |      9 |      0 |   1 |   52.0 |
               +--------+--------+--------+--------+--------+-----+--------+

Top non-repeatable levels by time:
       D: 52 daAuts
